AoeStats
← Imperio Argentino

Arena

510636970Analyzed
4v4 RM · 14h ago on Oct 1, 2026· 50m 32s· 8 players
Game mode
Random Map
Map size
Large (8 player)
Population
200
Speed
Normal
Resources
Standard
Victory
Conquest
Starting age
Dark Age
Ending age
Imperial Age
RankedLock teamsTeams togetherTeam positionsShared explorationLock speedFull tech treeHidden civsTurbo modeCheats
Victory
Defeat
🇧🇷 Franks · Brazil
682
+8
🇦🇷 Chinese · Argentina
572
+11
🇦🇷 Byzantines · Argentina
566
+12
🇨🇱 Vikings · Chile
536
+13
🇲🇽 Persians · Mexico
553
-14
🇹🇷 Bohemians · Türkiye
548
-14
🇧🇴 Inca · Bolivia
395
-8
🇹🇷 Chinese · Türkiye
380
-8
Sir Rubo
0:43 Loom
16:51 Feudal Age
22:03 Castle Age
20:19 Stone Mining
20:20 Double-Bit Axe
25:41 Stone Shaft Mining
26:31 Gold Mining
27:53 Gold Shaft Mining
28:50 Bow Saw
31:24 Horse Collar
33:53 Heavy Plow
34:04 Pikeman
35:48 Caravan
38:44 Imperial Age
36:39 Forging
36:35 Scale Barding Armor
41:02 Wheelbarrow
39:56 Elite War Elephant
40:56 Conscription
42:00 Crop Rotation
42:16 Iron Casting
42:02 Chain Barding Armor
43:57 Blast Furnace
44:05 Citadels
CAN
0:57 Loom
17:37 Feudal Age
18:28 Town Watch
19:19 Wheelbarrow
18:35 Double-Bit Axe
19:17 Horse Collar
19:32 Stone Mining
19:35 Gold Mining
22:55 Castle Age
21:27 Arson
21:04 Man-at-Arms
22:02 Forging
21:54 Scale Mail Armor
22:16 Fletching
22:51 Padded Archer Armor
23:26 Scale Barding Armor
25:01 Caravan
26:31 Bow Saw
27:42 Heavy Plow
29:18 Town Patrol
31:06 Coinage
31:26 Hand Cart
34:28 Gold Shaft Mining
34:29 Stone Shaft Mining
37:51 Imperial Age
35:59 Great Wall
38:17 Elite Chu Ko Nu
40:15 Banking
41:43 Conscription
41:59 Elite Fire Lancer
49:53 Iron Casting
49:34 Chain Mail Armor
49:39 Chain Barding Armor
wfcwilly
4:38 Loom
11:28 Feudal Age
11:51 Horse Collar
12:03 Double-Bit Axe
12:59 Wheelbarrow
15:49 Gold Mining
23:39 Castle Age
25:10 Hand Cart
25:50 Heavy Plow
26:28 Bow Saw
33:34 Imperial Age
32:29 Gold Shaft Mining
34:47 Crop Rotation
34:10 Stone Mining
34:18 Champi Runner
38:31 Chemistry
43:43 Padded Archer Armor
emrecankurttt54
0:31 Loom
15:19 Feudal Age
15:59 Double-Bit Axe
17:22 Horse Collar
23:26 Castle Age
24:04 Man-at-Arms
24:49 Pikeman
25:29 Squires
25:16 Arson
27:49 Long Swordsman
29:16 Heavy Plow
29:32 Bow Saw
31:11 Chemistry
30:24 Masonry
30:11 Murder Holes
30:26 Fortified Wall
39:46 Imperial Age
38:35 Fletching
38:46 Padded Archer Armor
[MCC] Bacteria-Am
0:51 Loom
13:16 Feudal Age
15:04 Double-Bit Axe
15:35 Stone Mining
15:37 Gold Mining
18:57 Castle Age
19:36 Wheelbarrow
21:42 Bow Saw
25:04 Hand Cart
24:36 Town Watch
29:05 Gold Shaft Mining
28:40 Scale Barding Armor
28:46 Forging
34:42 Imperial Age
32:13 Town Patrol
34:01 Husbandry
34:25 Chain Barding Armor
34:41 Iron Casting
34:42 Padded Archer Armor
34:33 Fletching
36:33 Plate Barding Armor
37:22 Blast Furnace
35:49 Cavalier
36:36 Chivalry
36:13 Ordonnance Companies
36:14 Elite Throwing Axeman
38:05 Chemistry
37:16 Fortified Wall
37:02 Murder Holes
37:27 Leather Archer Armor
37:08 Paladin
37:58 Bodkin Arrow
rodrigooboeponce
0:41 Loom
14:01 Feudal Age
14:36 Horse Collar
14:44 Double-Bit Axe
14:51 Gold Mining
15:00 Stone Mining
24:10 Castle Age
24:53 Heavy Plow
25:30 Gold Shaft Mining
25:09 Bow Saw
26:15 Caravan
27:06 Crossbowman
27:51 Padded Archer Armor
27:41 Fletching
28:15 Squires
28:01 Arson
29:31 Leather Archer Armor
29:49 Bodkin Arrow
30:06 Treadmill Crane
30:49 Ballistics
35:32 Imperial Age
32:40 Pikeman
35:01 Elite Skirmisher
36:57 Ring Archer Armor
36:29 Scale Mail Armor
36:51 Forging
37:00 Bracer
37:46 Capped Ram
39:23 Chain Mail Armor
39:44 Iron Casting
38:33 Arbalester
43:03 Chemistry
42:37 Plate Mail Armor
43:08 Blast Furnace
43:36 Bogsveigar
43:39 Chieftains
44:02 Conscription
45:42 Siege Engineers
47:25 Elite Berserk
50:28 Masonry
50:06 Arrowslits
Imperio Argentino
2:49 Loom
14:08 Feudal Age
17:31 Wheelbarrow
17:11 Double-Bit Axe
17:24 Gold Mining
18:23 Stone Mining
20:52 Castle Age
19:31 Forging
19:27 Scale Barding Armor
21:02 Padded Archer Armor
20:52 Fletching
22:01 Hand Cart
22:07 Horse Collar
25:41 Heavy Plow
30:43 Imperial Age
30:13 Iron Casting
29:58 Chain Barding Armor
29:57 Husbandry
30:15 Elite Skirmisher
31:50 Conscription
32:20 Crop Rotation
34:11 Thumb Ring
33:51 Cavalier
35:53 Chain Barding Armor
36:43 Gold Shaft Mining
36:30 Bow Saw
37:38 Paladin
38:54 Ballistics
39:49 Two-Man Saw
39:44 Bodkin Arrow
40:59 Chemistry
40:19 Leather Archer Armor
44:26 Plate Barding Armor
44:24 Ring Archer Armor
47:00 Logistica
46:52 Elite Cataphract
K-po
11:46 Feudal Age
14:26 Double-Bit Axe
20:25 Castle Age
18:32 Horse Collar
18:48 Gold Mining
18:49 Stone Mining
20:44 Wheelbarrow
20:53 Bloodlines
22:25 Bow Saw
29:07 Hand Cart
30:26 Gold Shaft Mining
30:26 Stone Shaft Mining
30:23 Heavy Plow
31:05 Caravan
31:35 Coinage
32:37 Stone Shaft Mining
35:57 Imperial Age
34:32 Forging
34:22 Scale Mail Armor
34:27 Scale Barding Armor
34:13 Fletching
34:23 Padded Archer Armor
34:55 Crossbowman
34:59 Man-at-Arms
34:59 Pikeman
35:39 Squires
35:24 Arson
35:03 Light Cavalry
35:44 Husbandry
36:22 Iron Casting
35:54 Great Wall
35:56 Elite Skirmisher
36:42 Thumb Ring
37:56 Two-Man Saw
36:24 Long Swordsman
36:24 Halberdier
36:26 Elite Fire Lancer
37:29 Chain Barding Armor
37:25 Chain Mail Armor
37:06 Bodkin Arrow
37:38 Conscription
38:41 Rocketry
38:58 Leather Archer Armor
38:16 Sappers
38:18 Two-Handed Swordsman
40:08 Banking
39:30 Elite Chu Ko Nu
40:17 Cavalier
41:59 Plate Mail Armor
43:10 Blast Furnace
42:45 Plate Barding Armor
42:11 Bracer
43:39 Loom
43:39 Town Watch
44:29 Ring Archer Armor
43:22 Champion
43:24 Arbalester
50:57 Town Patrol
Connection lost

Rejoining the realm…

Still unreachable

The connection could not be restored.

Session expired

The server has moved on; the page needs a fresh start.